 Dungeon Crawl Stone Soup version 0.27.1-2-g3b301248ec (webtiles) character file.

Game seed: 17649499210477999959

3299 vvl the Ruffian (level 9, 0/83 HPs)
             Began as a Troll Earth Elementalist on Sept 29, 2021.
             Was a Believer of Kikubaaqudgha.
             Shot with a bolt by an orc warrior (13 damage)
             ... in a bailey.
             The game lasted 00:20:03 (5722 turns).

vvl the Ruffian (Troll Earth Elementalist)          Turns: 5722, Time: 00:20:03

Health: 0/83       AC:  6    Str: 18    XL:     9   Next: 70%
Magic:  12/12      EV: 10    Int: 14    God:    Kikubaaqudgha [**....]
Gold:   312        SH:  0    Dex: 10    Spells: 12/13 levels left

rFire    . . .     SeeInvis +     - Unarmed
rCold    . . .     Faith    .   (no shield)
rNeg     + . .     Spirit   .   C - +1 robe {rN+}
rPois    .         Reflect  .   (helmet restricted)
rElec    .         Harm     .   q - +0 cloak
rCorr    .         Rampage  .   (gloves unavailable)
Will     .....                  (boots unavailable)
Stlth    +.........             F - amulet of the acrobat
HPRegen  1.23/turn              g - ring of wizardry
MPRegen  0.13/turn              v - ring of see invisible

@: no status effects
A: large, unfitting armour, claws 3, regeneration 1, shaggy fur 1, tough skin 1
a: Renounce Religion, Receive Corpses


You were in a bailey.
You worshipped Kikubaaqudgha.
Kikubaaqudgha was pleased with you.
You visited 2 branches of the dungeon, and saw 8 of its levels.
You also visited: Bailey.

You collected 354 gold pieces.
You spent 42 gold pieces at shops.

Inventory:

Hand Weapons
 h - a +3 quarterstaff of chaos
 m - a +0 dagger of electrocution
 B - a +1 whip of flaming
 G - a +2 dagger of venom
Missiles
 c - 227 stones
Armour
 q - a +0 cloak (worn)
 t - a +0 tower shield
 C - a +1 robe of positive energy (worn)
Jewellery
 g - a ring of wizardry (left claw)
 v - a ring of see invisible (right claw)
 F - an amulet of the acrobat (around neck)
Wands
 k - a wand of iceblast (18)
 y - a wand of polymorph (11)
 E - a wand of flame (8)
Scrolls
 e - 2 scrolls of immolation
 f - 7 scrolls of teleportation
 j - 3 scrolls of vulnerability
 l - a scroll of fear
 p - a scroll of blinking
 r - 2 scrolls of enchant armour {unknown}
 s - a scroll of silence {unknown}
 u - a scroll of enchant weapon
 x - 2 scrolls of magic mapping
Potions
 a - 3 potions of lignification {unknown}
 b - a potion of might {unknown}
 d - 3 potions of resistance
 i - 5 potions of heal wounds {unknown}
 n - a potion of haste {unknown}
 o - 3 potions of berserk rage {unknown}
 z - a potion of flight {unknown}
 A - a potion of curing {unknown}
 D - a potion of attraction {unknown}


   Skills:
 + Level 3.2 Fighting
 + Level 3.3 Armour
 + Level 3.8 Dodging
 - Level 1.0 Stealth
 + Level 0.8 Shields
 * Level 6.0 Unarmed Combat
 + Level 2.8 Spellcasting
 + Level 3.3 Necromancy
 + Level 3.2 Transmutations
 + Level 4.9 Earth Magic
 + Level 3.0 Evocations


You had 12 spell levels left.
You knew the following spells:

 Your Spells              Type           Power      Damage    Failure   Level
a - Sandblast             Erth           30%        2d9       1%          1

Your spell library contained the following spells:

 Spells                   Type           Power      Damage    Failure   Level
 Animate Skeleton         Necr           22%        N/A       2%          1
 Pain                     Necr           44%        1d6       2%          1
 Passwall                 Tmut/Erth      10%        N/A       2%          2
 Sublimation of Blood     Necr           5%         N/A       3%          2
 Vampiric Draining        Necr           5%         2d6       7%          3
 Stone Arrow              Conj/Erth      16%        3d8       10%         3
 Blink                    Tloc           N/A        N/A       13%         2
 Ignite Poison            Fire/Tmut/Pois 5%         N/A       16%         3
 Petrify                  Tmut/Erth      13%        N/A       16%         4
 Mephitic Cloud           Conj/Pois/Air  2%         N/A       26%         3
 Agony                    Necr           11%        N/A       50%         5
 Excruciating Wounds      Necr           5%         N/A       50%         5
 Bolt of Magma            Conj/Fire/Erth 3%         4d5       73%         5
 Manifold Assault         Tloc           2%         N/A       91%         5
 Storm Form               Tmut/Air       3%         N/A       100%        7


Dungeon Overview and Level Annotations

Branches:
Dungeon (7/15)             Temple (1/1) D:5          Bailey (1/1)

Altars:
Ashenzari
Cheibriados
Dithmenos
Elyvilon
Fedhas
Hepliaklqana
Kikubaaqudgha
Makhleb
Nemelex Xobeh
Okawaru
Qazlal
Trog
Uskayaw
Vehumet
Wu Jian
Xom
Yredelemnul
Zin
The Shining One

Shops:
D:4 *


Innate Abilities, Weirdness & Mutations

You are too large for most types of armour.
You have claws for hands.
Your natural rate of healing is unusually fast.
You are covered in fur. (AC +1)
You have tough skin. (AC +1)


Message History

Press: ? - help, Shift-Dir - straight line, f/p - orc knight
Aim: an orc knight, wielding a +0 bardiche and wearing a +0 plate armour (lightly wounded)
The mass of ice explodes!
The iceblast engulfs the orc knight!
The orc knight is moderately wounded.
The iceblast engulfs the orc warrior!
The orc warrior is severely wounded.
The iceblast engulfs the orc warrior!
You kill the orc warrior!
Kikubaaqudgha accepts your kill.
The orc warrior shoots a bolt.
The bolt closely misses you.
Your Unarmed Combat skill increases to level 6!
Your Evocations skill increases to level 3!
The orc warrior shoots a bolt.
The bolt hits you!
You hear a shout!
The orc warrior shoots a bolt.
The bolt barely misses you.
An orc warrior comes into view. It is wielding a +0 glaive.
The orc warrior shoots a bolt.
The bolt misses you.
An orc comes into view. It is wielding a +0 trident.
The orc knight closely misses you.
The orc warrior unwields a +0 arbalest.
The orc warrior hits you!
You claw the orc warrior!
The orc warrior is heavily wounded.
The orc warrior shoots a bolt.
The bolt barely misses you.
You hear a shout!
You scratch the orc warrior.
The orc warrior is heavily wounded.
The orc knight hits you from afar with a +0 bardiche.
The orc warrior shoots a bolt.
The bolt barely misses you.
The orc warrior hits you but does no damage.
An orc warrior comes into view. It is wielding a +0 halberd.
You scratch the orc warrior.
The orc warrior is heavily wounded.
The orc knight hits you from afar with a +0 bardiche!
The orc warrior shoots a bolt.
The bolt hits you!!
* * * LOW HITPOINT WARNING * * *
The orc warrior hits you.
* * * LOW HITPOINT WARNING * * *
The orc warrior shoots a bolt.
The bolt hits you!
You die...
Kikubaaqudgha rasps: "You have failed me!
Welcome... death!"

### ##§## ######
#§§§##.....##
#§§§#§.≈≈≈..#
≈o≈≈.§§§§§§§≈)≈≈.#
.oo≈.§§§§§§≈oo.≈.o
≈o≈≈...o§..≈≈)≈≈o#
≈≈≈.o#§§.#@o≈≈≈..#
....##.§.##..o..##
#### ##∩## ######
###


You could see an orc knight, 5 orc warriors and an orc.

Vanquished Creatures
  Pikel (D:3)
  A shadow (D:6)
  Eustachio (D:6)
  Edmund (D:4)
  2 water moccasins
  An ice beast (D:6)
  3 black bears
  An orc warrior (Bailey)
  An ogre (D:5)
  A centaur (D:7)
  3 phantoms
  A kobold brigand (D:7)
  3 scorpions
  A wyvern skeleton (D:6)
  4 wights (D:6)
  A vampire bat (D:5)
  A bullfrog zombie (D:5)
  A hound (D:6)
  A jelly (D:7)
  An orc priest (D:5)
  4 centaur skeletons
  A gnoll shaman (D:7)
  A bullfrog skeleton (D:6)
  3 iron imps (D:5)
  Crazy Yiuf (D:2)
  2 orc wizards
  A howler monkey zombie (D:6)
  10 gnolls
  9 adders
  A shadow imp (D:5)
  3 white imps
  A worm (D:4)
  3 dart slugs (D:1)
  3 fire bats (D:5)
  24 orcs
  2 spectral bats (D:5)
  3 bat skeletons (D:5)
  A bat zombie (D:5)
  7 endoplasms
  7 giant cockroaches
  16 goblins
  7 hobgoblins
  4 jackals (D:3)
  13 kobolds
  7 quokkas
  8 ball pythons
  14 bats
  A bat simulacrum (D:5)
  A frilled lizard (D:2)
  5 rats
193 creatures vanquished.

Vanquished Creatures (others)
  A fungus (D:2)
1 creature vanquished.

Grand Total: 194 creatures vanquished

Notes
Turn   | Place    | Note
-------+----------+-------------------------------------------
     0 | D:1      | vvl the Troll Earth Elementalist began the quest for the
                  | Orb.
     0 | D:1      | Reached XP level 1. HP: 16/16 MP: 1/1
    98 | D:1      | Reached XP level 2. HP: 24/24 MP: 2/2
   317 | D:1      | Found a faded altar of an unknown god.
   493 | D:1      | Reached skill level 1 in Unarmed Combat
   695 | D:2      | Reached XP level 3. HP: 31/31 MP: 4/4
   763 | D:2      | Reached skill level 1 in Transmutations
   926 | D:2      | Found a runed translucent door.
   927 | D:2      | Noticed Crazy Yiuf
  1124 | D:2      | Reached XP level 4. HP: 40/40 MP: 5/5
  1449 | D:2      | Killed Crazy Yiuf
  1834 | D:3      | Reached skill level 1 in Fighting
  2010 | D:3      | Reached XP level 5. HP: 38/48 MP: 6/6
  2025 | D:3      | Reached skill level 1 in Armour
  2087 | D:3      | Reached skill level 1 in Necromancy
  2097 | D:3      | Reached skill level 2 in Unarmed Combat
  2402 | D:4      | Found Bixid's General Store.
  2552 | D:4      | Reached skill level 1 in Evocations
  2635 | D:4      | Noticed Edmund
  2637 | D:4      | Noticed a lemure
  2638 | D:4      | Noticed Pikel
  2638 | D:4      | Noticed a lemure
  2639 | D:4      | Noticed a lemure
  2640 | D:4      | Noticed a lemure
  2687 | D:3      | Killed Pikel
  2688 | D:3      | Reached skill level 3 in Unarmed Combat
  2688 | D:3      | Reached XP level 6. HP: 28/57 MP: 7/7
  2688 | D:3      | Reached XP level 7. HP: 31/63 MP: 8/8
  2787 | D:4      | Killed Edmund
  2827 | D:4      | Bought a scroll of teleportation for 42 gold pieces
  3143 | D:5      | Entered Level 5 of the Dungeon
  3171 | D:5      | Reached XP level 8. HP: 62/72 MP: 10/10
  3230 | D:5      | Reached skill level 4 in Unarmed Combat
  3298 | D:5      | Found a stormy altar of Qazlal.
  3734 | D:5      | Found a staircase to the Ecumenical Temple.
  3777 | Temple   | Entered the Ecumenical Temple
  3971 | Temple   | Became a worshipper of Kikubaaqudgha
  4107 | D:5      | Found a hazy altar of Hepliaklqana.
  4327 | D:5      | Found a burning altar of Makhleb.
  4502 | D:6      | Reached skill level 5 in Unarmed Combat
  4571 | D:6      | Identified the +1 chain mail of Focus {rPois rF++ rC+
                  | Will-}
  4583 | D:6      | Reached XP level 9. HP: 80/80 MP: 11/11
  4682 | D:6      | Reached * piety under Kikubaaqudgha
  4682 | D:6      | Received a gift from Kikubaaqudgha
  4810 | D:6      | Noticed Eustachio
  4830 | D:6      | Killed Eustachio
  5645 | D:7      | Reached ** piety under Kikubaaqudgha
  5690 | D:7      | Found a flagged portal.
  5710 | Bailey   | Entered a bailey
  5710 | Bailey   | Noticed an orc knight
  5710 | Bailey   | Noticed an orc knight
  5717 | Bailey   | Reached skill level 6 in Unarmed Combat
  5722 | Bailey   | Shot with a bolt by an orc warrior

Illustrated notes

Levels and vault maps discovered:
D:1:      minmay_arrival_three_doors, layout_basic, serial_glass,
          glass_columns_b, glass_columns_c, glass_columns_b, glass_columns_a,
          glass_columns_b, glass_columns_a, glass_columns_a, glass_columns_b,
          item_on_display_a, minmay_strange_pillars,
          chequers_ecumenical_altar_grove
D:2:      layout_basic, minmay_pentomino_p4, uniq_crazy_yiuf_cottage
D:3:      layout_loops_ring, minmay_joined_circles
D:4:      layout_cave_pools, serial_bayou_pond_a, kennysheep_doodads,
          nicolae_stop_n_shop_1, uniq_pikel, uniq_edmund
D:5:      layout_basic, nicolae_hepliaklqana_hazy_memory,
          mainiacjoe_overflow_six_doors_small, demons_altar,
          minmay_temple_entry_ruins, serial_corexii_hall,
          corexii_hall_statues_deadend, chequers_hall_statues_corner_a,
          corexii_hall_statues_l, st_stairs_5, chequers_arboretum,
          goddamned_bats
D:6:      layout_loops_ring, grunt_tough_drop, uniq_eustachio
D:7:      layout_layer_cave, tgw_sif, enter_bailey_3, kennysheep_generic_room_11
Temple:   eino_temple_scatter_basement
Bailey:   bailey_polearm_4, bailey

Skill      XL: |  1  2  3  4  5  6  7  8  9 |
---------------+----------------------------+-----
Unarmed Combat | 1 3 5 6 |  6.0
Transmutations | 1 2 3 |  3.2
Earth Magic    | 3 4 |  4.9
Fighting       | 1 2 3 |  3.2
Dodging        | 2 3 |  3.8
Armour         | 1 2 3 |  3.3
Necromancy     | 1 2 3 |  3.3
Evocations     | 1 2 3 |  3.0
Spellcasting   | 2 |  2.8
Stealth        | |  1.0
Shields        | |  0.8

Action                   |  1- 3 |  4- 6 |  7- 9 || total
-------------------------+-------+-------+-------++-------
Melee: Unarmed           |   128 |   263 |   396 ||   787
       Punch             |       |     3 |     4 ||     7
 Cast: Sandblast         |       |     2 |       ||     2
Evoke: Wand              |       |       |     6 ||     6
  Use: Scroll            |       |     5 |     5 ||    10
 Stab: Sleeping          |     3 |     4 |     2 ||     9
Armor: Robe              |    58 |   108 |   154 ||   320
Dodge: Dodged            |    57 |   149 |   288 ||   494
